 Dungeon Crawl Stone Soup version 0.31.0-1-g2c135a008e (webtiles) character file.

Game seed: 13653897168505268830

52 qw the Shooter (level 4, -14/34 HPs)
             Began as a Djinni Hunter on Jan 24, 2024.
             Demolished by an ogre
             ... wielding a +0 giant club
              (33 damage)
             ... on level 2 of the Dungeon.
             The game lasted 00:00:03 (925 turns).

qw the Shooter (Djinni Hunter)                       Turns: 925, Time: 00:00:03

Health: -14/34     AC:  5    Str: 10    XL:     4   Next: 8%
Gold:   25         EV: 11    Int: 11    God:
                   SH:  0    Dex: 18

rFire   + + .        a - +1 shortbow
rCold   x . .        (shield currently unavailable)
rNeg    . . .        e - +0 ring mail
rPois   inf          (no helmet)
rElec   .            (no cloak)
rCorr   .            (no gloves)
SInv    .            (boots unavailable)
Will    .....        (no amulet)
Stlth   +            (no ring)
HPRegen 0.25/turn    (no ring)
MPRegen 0.00/turn

%: infuse magic (-15 HP)
@: flying
A: sickness immunity, fire resistance 2, cold vulnerability 1, float, innate
caster, HP casting, extra vitality 1
a: no special abilities


You were on level 2 of the Dungeon.
You visited 1 branch of the dungeon, and saw 2 of its levels.

You collected 25 gold pieces.


Innate Abilities, Weirdness & Mutations

You are immune to sickness and miasma.
You are immune to poison.
Your flesh is very heat resistant. (rF++)
You are vulnerable to cold. (rC-)
You float through the air rather than walking.
You learn spells naturally, not from books.
Your magical power is your life essence.
You have superior vitality. (+4 MHP)


   Skills:
 + Level 2.6 Fighting
 - Level 4.0 Ranged Weapons
 - Level 1.1 Armour
 - Level 2.1 Dodging
 - Level 0.7 Stealth


You knew the following spells:

 Your Spells              Type           Power      Damage    Failure   Level
a - Necrotise             Necr           0%         1d4       65%         1
Your spell library was empty.

Inventory:

Hand Weapons
 a - a +1 shortbow (weapon)
Armour
 e - a +0 ring mail (worn)
Scrolls
 c - a scroll of fog {unknown}
 f - a scroll of identify {unknown}
 g - a scroll of blinking {unknown}
Potions
 b - a potion of curing {unknown}
 d - a potion of might {unknown}

Dungeon Overview and Level Annotations

Branches:
Dungeon (2/15)

Altars:
Xom


Message History

You shoot an arrow. The arrow hits the endoplasm.
You kill the endoplasm!
You now have 25 gold pieces (gained 4).
Found a stone staircase leading down.
There is a stone staircase leading down here.
A rat comes into view.
You shoot an arrow.
The arrow hits the rat but does no damage.
The rat squeaks loudly.
You shoot an arrow. The arrow barely misses the rat.
The rat bites you but does no damage.
You shoot an arrow. The arrow barely misses the rat.
The rat bites you. The rat bites you but does no damage.
You shoot an arrow. The arrow closely misses the rat.
The rat barely misses you.
You shoot an arrow. The arrow hits the rat.
The rat is heavily wounded.
The rat bites you but does no damage.
You shoot an arrow. The arrow barely misses the rat.
The rat barely misses you. The rat closely misses you.
You shoot an arrow. The arrow hits the rat!
You kill the rat!
An ogre comes into view. It is wielding a +0 giant club.
The ogre shouts!
The ogre moves out of view.
An ogre is nearby!
You shoot an arrow. The arrow hits the ogre.
The ogre is lightly wounded.
You shoot an arrow. The arrow hits the ogre.
The ogre is lightly wounded.
The ogre hits you with a +0 giant club!
You shoot an arrow. The arrow hits the ogre.
The ogre is moderately wounded.
The ogre closely misses you.
You shoot an arrow. The arrow closely misses the ogre.
You shoot an arrow. The arrow hits the ogre.
The ogre is heavily wounded.
The ogre hits you with a +0 giant club!!
Ouch! That really hurt!
You die...

..........######.># #..#....###
........... #..####..##....#
...<.....#.# ...###....##....#
.........#....## .....###....##
........###.## ..... #.....#
.......# #.# .... #####..##
.####### ##..# ....#.).## .#
#O.########....... .#
#@##......%.......
.###############.##.#######.....#
............................#####
##############..###..########
##.##...## #.>##.### #.....#
#######


You could see an ogre.

Vanquished Creatures
  2 adders (D:2)
  A ribbon worm (D:2)
  2 ball pythons (D:1)
  6 endoplasms
  2 giant cockroaches
  A goblin (D:2)
  A hobgoblin (D:1)
  3 jackals (D:1)
  A quokka (D:1)
  3 bats (D:1)
  A frilled lizard (D:1)
  3 kobolds (D:1)
  3 rats
29 creatures vanquished.

Notes
Turn   | Place    | Note
-------+----------+-------------------------------------------
     0 | D:1      | qw the Djinni Hunter began the quest for the Orb.
     0 | D:1      | Reached XP level 1. HP: 18/18 MP: 0/0
     0 | D:1      | 0 ||| qw: Version: 0.3-a-136-gdd3b4e8
     0 | D:1      | 0 ||| qw: Game counter: 1204
     0 | D:1      | 0 ||| qw: Melee chars always use a shield: true
     0 | D:1      | 0 ||| qw: God list: Okawaru
     0 | D:1      | 0 ||| qw: Allow faded altars: false
     0 | D:1      | 0 ||| qw: Do Orc after clearing Dungeon:15 true
     0 | D:1      | 0 ||| qw: Do second Lair branch before Depths: true
     0 | D:1      | 0 ||| qw: Lair rune preference: random
     0 | D:1      | 0 ||| qw: Goals: Normal
     0 | D:1      | 0 ||| PLANNING D:1-11
   110 | D:1      | Reached XP level 2. HP: 23/23 MP: 0/0
   310 | D:1      | Reached XP level 3. HP: 28/28 MP: 0/0
   310 | D:1      | Learned a level 1 spell: Necrotise
   350 | D:1      | Reached skill level 4 in Ranged Weapons
   507 | D:1      | 507 ||| UPGRADING to +0 ring mail.
   517 | D:1      | 517 ||| DROPPING +0 leather armour.
   518 | D:1      | 518 ||| READING scroll labelled WIORHIEMOSA.
   519 | D:1      | 519 ||| READING scroll labelled NOEZIY VUMMOST.
   519 | D:1      | 519 ||| ENCHANTING +0 shortbow.
   520 | D:1      | 520 ||| DROPPING scroll of butterflies.
   557 | D:2      | Found a shimmering altar of Xom.
   611 | D:2      | 611 ||| FLEEEEING.
   652 | D:2      | Reached skill level 1 in Armour
   803 | D:2      | Reached XP level 4. HP: 31/34 MP: 0/0
   919 | D:2      | Noticed an ogre
   925 | D:2      | Demolished by an ogre

Levels and vault maps discovered:
D:1:      amcnicky_arrival_gap_in_the_tavern_cellar, layout_rooms
D:2:      layout_rooms, shapermc_ecumenical_altar_petra, basic_altar

Skill      XL: |  1  2  3 |
---------------+----------+-----
Ranged Weapons | 4 |  4.0
Armour         | 1 |  1.1
Fighting       | |  2.6
Dodging        | |  2.1
Stealth        | |  0.7

Action                     |  1- 3 |  4- 6 || total
---------------------------+-------+-------++-------
   Fire: Shortbow          |    65 |    15 ||    80
    Use: Scroll            |     2 |       ||     2
 Armour: Leather armour    |     8 |       ||     8
         Ring mail         |    10 |     6 ||    16
  Dodge: Dodged            |    16 |     4 ||    20

Table legend:
 A = Non-vault XP
 B = Vault XP
 C = Vault XP percentage of total XP
 D = Non-vault monster count
 E = Vault monster count
 F = Vault count percentage of total count
                 A         B        C        D         E       F
            +---------+---------+-------+---------+---------+-------
      Total |      75 |       0 |   0.0 |      29 |       0 |   0.0
            +---------+---------+-------+---------+---------+-------
        D:1 |      34 |       0 |   0.0 |      21 |       0 |   0.0
        D:2 |      41 |       0 |   0.0 |       8 |       0 |   0.0
            +---------+---------+-------+---------+---------+-------
